 Dungeon Crawl Stone Soup version 0.25-a0-166-g16436c4407 (webtiles) character file.

Game seed: 1068225284446339321, levelgen mode: deterministic

40 Leeroy the Conjurer (level 3, 0/26 HPs)
             Began as a Draconian Conjurer on Nov 23, 2019.
             Succumbed to an adder's poison
             ... on level 2 of the Dungeon.
             The game lasted 00:02:38 (2013 turns).

Leeroy the Conjurer (Draconian Conjurer)            Turns: 2013, Time: 00:02:38

Health: 0/26       AC:  5    Str: 11    XL:     3   Next: 30%
Magic:  6/6        EV: 17    Int: 15    God:
Gold:   102        SH:  0    Dex: 16    Spells: 3/6 levels left

rFire    . . .     SeeInvis .   k - +0 quarterstaff
rCold    . . .     Gourm    .   (shield currently unavailable)
rNeg     . . .     Faith    .   (armour unavailable)
rPois    .         Spirit   .   (helmet restricted)
rElec    .         Reflect  .   (no cloak)
rCorr    .         Harm     .   (no gloves)
MR       .....                  (no boots)
Stlth    +++.......             (no amulet)
HPRegen  0.08/turn              (no ring)
MPRegen  0.10/turn              (no ring)

@: agile, lethally poisoned (0 -> -5), flying
A: unfitting armour, cold-blooded, AC +5
a: no special abilities


You were on level 2 of the Dungeon.
You were not hungry.

You visited 1 branch of the dungeon, and saw 2 of its levels.

You collected 102 gold pieces.

Inventory:

Hand Weapons
 a - a +0 dagger
 c - a +0 short sword
 k - a +0 quarterstaff (weapon)
Missiles
 e - 19 stones (quivered)
Jewellery
 f - an uncursed ring of fire {unknown}
Scrolls
 d - a scroll of immolation {unknown}
 g - 3 scrolls of amnesia {unknown}
 i - a scroll of teleportation {unknown}
 j - a scroll of random uselessness {unknown}
 m - 2 scrolls of identify {unknown}
Comestibles
 b - 2 rations
 l - 3 chunks of flesh


   Skills:
 - Level 1.7 Dodging
 - Level 1.7 Stealth
 - Level 2.0 Spellcasting
 + Level 5.2 Conjurations


You had 3 spell levels left.
You knew the following spells:

 Your Spells              Type           Power        Failure   Level  Hunger
a - Magic Dart            Conj           ###.         2%          1    #......
b - Searing Ray           Conj           ###...       4%          2    ###....

Your spell library contained the following spells:

 Spells                   Type           Power        Failure   Level  Hunger
 Dazzling Spray           Conj/Hex       #.....       22%         3    ###....
 Iskenderun's Mystic Bla  Conj           ###.....     26%         4    #####..
 Force Lance              Conj/Tloc      #.......     58%         4    #####..
 Fulminant Prism          Conj/Hex       #.........   58%         4    #####..


Dungeon Overview and Level Annotations

Branches:
Dungeon (2/15)

Altars:
Kikubaaqudgha
Makhleb
Yredelemnul


Innate Abilities, Weirdness & Mutations

Your plain brown scales are hard. (AC +5)
You cannot fit into any form of body armour.
You are cold-blooded and may be slowed by cold attacks.


Message History

You feel sick. The adder bites you.
* * * LOW HITPOINT WARNING * * *
It was a potion of agility.
You feel agile all of a sudden.
* * * LOW HITPOINT WARNING * * *
You feel sick. The adder closely misses you.
It was a potion of flight.
You feel very buoyant.
You fly up into the air.
The adder closely misses you.
You barely miss the adder.
Your tail-slap misses the adder.
The adder is heavily wounded.
The adder closely misses you. The adder misses you.
You thump the adder!
You kill the adder!
* * * LOW HITPOINT WARNING * * *
You feel sick. The adder misses you.
You barely miss the adder. The adder misses you. The adder barely misses you.
You hit the adder but do no damage.
You die...

#
...........#
#.####.### #
.....####.#
#........# #
. #.#
##.####### #
#.# #.# #
#.# #.#
#.##### #.#
#.....# #.#
#####S# #.#
#@# #.#
#.########.#
#..........#
############


You could see an adder.

Vanquished Creatures
  An adder (D:2)
  A worm (D:2)
  A dart slug (D:1)
  A ball python (D:2)
  A giant cockroach (D:1)
  3 goblins (D:1)
  4 hobgoblins (D:1)
  3 jackals (D:2)
  A quokka (D:2)
  3 bats
  A frilled lizard (D:2)
  2 kobolds (D:1)
  3 rats
25 creatures vanquished.

Notes
Turn   | Place    | Note
-------+----------+-------------------------------------------
     0 | D:1      | Leeroy the Draconian Conjurer began the quest for the Orb.
     0 | D:1      | Reached XP level 1. HP: 14/14 MP: 3/3
   574 | D:1      | Reached XP level 2. HP: 20/20 MP: 5/5
   723 | D:1      | Learned a level 2 spell: Searing Ray
  1517 | D:2      | Found an ancient bone altar of Kikubaaqudgha.
  1867 | D:2      | Reached skill level 5 in Conjurations
  1868 | D:2      | Reached XP level 3. HP: 23/26 MP: 6/6
  1880 | D:2      | Found a basalt altar of Yredelemnul.
  1943 | D:2      | Found a burning altar of Makhleb.
  2011 | D:2      | HP: 1/26 [poisoned by an adder]
  2013 | D:2      | Succumbed to an adder's poison

Levels and vault maps discovered:
D:1:      lightli_arrival_maybe_door_vault, layout_basic,
          chequers_serial_rivers_small_b, minmay_misc_feat_enclosed
D:2:      layout_basic, yredelemnul_altar_generic, lemuel_round_altar,
          lemuel_crystal_altar, uniq_terence

Skill      XL: |  1  2 |
---------------+-------+-----
Conjurations   | 5 |  5.2
Dodging        | |  1.7
Stealth        | |  1.7
Spellcasting   | |  2.0

Action                   || total
-------------------------++-------
Melee: Dagger            ||    48
       Unarmed           ||    10
       Tailslap          ||    10
       Quarterstaff      ||    26
       Short sword       ||     4
 Cast: Magic Dart        ||     9
       Searing Ray       ||     1
  Use: Potion            ||     2
 Stab: Sleeping          ||     2
  Eat: Ration            ||     1
Armor: Skin              ||    27
Dodge: Dodged            ||    67

Table legend:
 A = Non-vault XP
 B = Vault XP
 C = Vault XP percentage of total XP
 D = Non-vault monster count
 E = Vault monster count
 F = Vault count percentage of total count
                 A         B        C        D         E       F
            +---------+---------+-------+---------+---------+-------
      Total |      58 |       0 |   0.0 |      25 |       0 |   0.0
            +---------+---------+-------+---------+---------+-------
        D:1 |      27 |       0 |   0.0 |      15 |       0 |   0.0
        D:2 |      31 |       0 |   0.0 |      10 |       0 |   0.0
            +---------+---------+-------+---------+---------+-------
